 Dungeon Crawl Stone Soup version 0.24-a0-484-g962a3eeff7 (webtiles) character file.

Game seed: 12953669028423075740

870 DonutEater the Digger (level 8, -4/43 HPs)
             Began as a Gargoyle Earth Elementalist on July 9, 2019.
             Slain by Duvessa
             ... wielding a +1 rapier of protection
              (8 damage)
             ... on level 5 of the Dungeon.
             The game lasted 00:12:12 (4308 turns).

DonutEater the Digger (Gargoyle Earth Elementalist) Turns: 4308, Time: 00:12:13

Health: -4/43      AC:  8    Str: 13    XL:     8   Next: 3%
Magic:  3/15       EV: 12    Int: 17    God:
Gold:   18         SH:  0    Dex: 10    Spells: 7/16 levels left

rFire    . . .     SeeInvis .   j - +0 dagger (venom)
rCold    . . .     Gourm    .   (no shield)
rNeg     + . .     Faith    .   c - +1 robe
rPois    ∞         Spirit   .   (no helmet)
rElec    +         Reflect  .   o - scarf {cloud immunity}
rCorr    .         Harm     .   (no gloves)
MR       .....     Rnd*Tele +   (no boots)
Stlth    ++........             (no amulet)
HPRegen  0.14/turn              g - ring of wizardry
MPRegen  0.14/turn              n - ring of teleportation (curse)

@: about to teleport, hasted, very quick
A: big wings, negative energy resistance 1, electricity resistance, unbreathing,
petrification resistance, rot immunity, subdued magic 1, AC +5
a: Fly


You were on level 5 of the Dungeon.
You were not hungry.

You visited 1 branch of the dungeon, and saw 5 of its levels.

You collected 130 gold pieces.
You spent 112 gold pieces at shops.

Inventory:

Hand Weapons
 j - a +0 dagger of venom (weapon)
 m - a +2 morningstar of holy wrath
Missiles
 b - 100 stones (quivered)
Armour
 c - a +1 robe (worn)
 o - a scarf of cloud immunity (worn)
Jewellery
 g - a ring of wizardry (left hand)
 n - a cursed ring of teleportation (right hand)
Wands
 e - a wand of random effects (28)
 t - a wand of iceblast (2)
 u - a wand of enslavement (8)
Scrolls
 f - 2 scrolls of magic mapping
 l - a scroll of enchant armour
 p - a scroll of amnesia
 q - 3 scrolls of teleportation
Potions
 h - 2 potions of ambrosia
 k - a potion of brilliance
 r - a potion of resistance
Comestibles
 d - 10 rations


   Skills:
 + Level 1.2 Fighting
 + Level 1.1 Maces & Flails
 + Level 1.3 Armour
 + Level 2.0 Dodging
 - Level 2.1 Stealth
 + Level 4.7 Spellcasting
 + Level 4.3 Conjurations
   Level 0.7 Transmutations
 + Level 6.8 Earth Magic
 + Level 1.1 Evocations


You had 7 spell levels left.
You knew the following spells:

 Your Spells              Type           Power        Failure   Level  Hunger
a - Sandblast             Erth           ###...       1%          1    None
b - Stone Arrow           Conj/Erth      ###...       1%          3    ###....
c - Lee's Rapid Deconstr  Erth           ###.......   9%          5    ######.

Your spell library contained the following spells:

 Spells                   Type           Power        Failure   Level  Hunger
 Passwall                 Tmut/Erth      ##......     1%          2    #......
 Petrify                  Tmut/Erth      ##......     11%         4    ####...


Dungeon Overview and Level Annotations

Branches:
Dungeon (5/15)
 Temple: D:4-7

Altars:
Cheibriados
Hepliaklqana
Kikubaaqudgha
Sif Muna
Trog

Shops:
D:4 ?:(:

Annotations:
D:5 Dowan, Duvessa


Innate Abilities, Weirdness & Mutations

You are resistant to torment.
Your stone body is resilient. (AC +5)
You are immune to poison.
You resist negative energy. (rN+)
You are resistant to electric shocks. (rElec)
You can survive without breathing.
You are immune to petrification.
You are immune to rotting.
Your large and strong wings let you fly indefinitely.
Your spells are a little easier to cast, but a little less powerful.


Message History

Duvessa is severely wounded.
Duvessa hits you with a +1 rapier of protection.
Dowan hits you but does no damage.
Unknown command.
Casting: Sandblast (safe; 1% risk of failure)
Confirm with . or Enter, or press ? or * to list all spells.
Aiming: Sandblast (safe; 1% risk of failure)
Press: ? - help, Shift-Dir - straight line, f/p - Duvessa
Aim: Duvessa, wielding a +1 rapier of protection, wearing a +0 chain mail and carrying a wand of flame (1) (severely wounded, fast, poisoned)
The blast of sand hits Duvessa but does no damage.
Duvessa is severely wounded.
b - 100 stones Duvessa zaps a wand.
The puff of flame hits you!
* * * LOW HITPOINT WARNING * * *
The now-empty wand crumbles to dust.
Dowan completely misses you.
Unknown command.
As you read the scroll of teleportation, it crumbles to dust.
You feel strangely unstable.
Duvessa hits you with a +1 rapier of protection!
You die...

##....##........#
##.............#
##...#...........
##..<.###.........
#....## #.....##..
##..## #.....#...
##..## ##........
##e...###........# #
#@e.....#......÷.#
#.###...............
....#...#...........
........#...<.......
..................##
.................###
..##................
.. #.............#._
.............#.##..


You could see Duvessa and Dowan.

Vanquished Creatures
  Sigmund (D:2)
  An ogre (D:5)
  A phantom (D:3)
  A centaur (D:3)
  A scorpion (D:4)
  A crimson imp (D:5)
  A hound (D:4)
  A centaur skeleton (D:4)
  An iguana (D:4)
  4 worker ants (D:4)
  A worker ant zombie (D:5)
  9 adders
  An adder skeleton (D:4)
  3 dart slugs
  3 worms
  6 leopard geckos
  5 orcs
  2 ball pythons
  6 bats
  7 giant cockroaches
  11 goblins
  13 hobgoblins
  4 jackals
  4 kobolds
  A quokka (D:4)
  5 frilled lizards (D:2)
  10 rats
104 creatures vanquished.

Notes
Turn   | Place    | Note
-------+----------+-------------------------------------------
     0 | D:1      | DonutEater the Gargoyle Earth Elementalist began the quest
                  | for the Orb.
     0 | D:1      | Reached XP level 1. HP: 10/10 MP: 3/3
   151 | D:1      | Reached XP level 2. HP: 9/15 MP: 0/5
   161 | D:1      | Reached skill level 4 in Earth Magic
   563 | D:1      | You fall into a shaft and drop 1 floor!
   583 | D:2      | Reached XP level 3. HP: 12/19 MP: 6/6
   938 | D:1      | Learned a level 3 spell: Stone Arrow
  1277 | D:2      | Reached XP level 4. HP: 18/24 MP: 8/8
  1384 | D:2      | Reached skill level 1 in Conjurations
  1828 | D:2      | Noticed Sigmund
  1839 | D:2      | Killed Sigmund
  1839 | D:2      | Reached skill level 5 in Earth Magic
  1839 | D:2      | Reached XP level 5. HP: 17/28 MP: 1/10
  1839 | D:2      | Reached XP level 6. HP: 19/32 MP: 1/11
  1846 | D:2      | Learned a level 5 spell: Lee's Rapid Deconstruction
  2200 | D:3      | Found a snail-covered altar of Cheibriados.
  2264 | D:3      | Reached skill level 6 in Earth Magic
  2359 | D:3      | Noticed a phantom
  2374 | D:3      | Killed a phantom
  2412 | D:3      | Reached XP level 7. HP: 20/36 MP: 8/13
  3181 | D:4      | Found Nymnuran's Book Shop.
  3183 | D:4      | Found Xeiraruj's Book Shop.
  3183 | D:4      | Found Oweulida's Magic Scroll Shop.
  3202 | D:4      | Found Utiof's Antique Weapon Shop.
  3219 | D:4      | Bought a scroll of teleportation for 42 gold pieces
  3490 | D:4      | Found a hazy altar of Hepliaklqana.
  3753 | D:4      | Found a deep blue altar of Sif Muna.
  3801 | D:4      | Bought a scroll of teleportation for 42 gold pieces
  3801 | D:4      | Bought a scroll of identify for 28 gold pieces
  3832 | D:5      | Entered Level 5 of the Dungeon
  3869 | D:5      | Found a bloodstained altar of Trog.
  3898 | D:5      | Reached skill level 1 in Armour
  4071 | D:5      | Found an ancient bone altar of Kikubaaqudgha.
  4079 | D:5      | Reached skill level 1 in Fighting
  4079 | D:5      | Reached skill level 1 in Maces & Flails
  4079 | D:5      | Reached skill level 1 in Evocations
  4079 | D:5      | Reached XP level 8. HP: 43/43 MP: 11/15
  4244 | D:5      | Noticed Dowan
  4277 | D:5      | Noticed Duvessa
  4301 | D:5      | Gained mutation: Your spells are a little easier to cast,
                  | but a little less powerful. [potion of mutation]
  4301 | D:5      | Gained mutation: Your large and strong wings let you fly
                  | indefinitely. [potion of mutation]
  4308 | D:5      | Slain by Duvessa

Levels and vault maps discovered:
D:1:      shiori_arrival_elements, layout_basic, serial_glass, glass_columns_a,
          glass_columns_a
D:2:      layout_loops_ring, uniq_sigmund
D:3:      layout_basic, cheibriados_altar_1
D:4:      layout_gridville, overflow_temple_1_default,
          lemuel_coloured_pillars_altar, first_ration, minmay_shop_grid_forest,
          grunt_ministairs_2
D:5:      layout_cave_pools, kennysheep_little_box, bloody_trog, uniq_duvessa

Skill      XL: |  1  2  3  4  5  6  7 |
---------------+----------------------+-----
Earth Magic    | 4 5 6 |  6.8
Spellcasting   | 3 4 |  4.7
Conjurations   | 2 3 4 |  4.3
Armour         | 1 |  1.3
Fighting       | 1 |  1.2
Maces & Flails | 1 |  1.1
Dodging        | 2 |  2.0
Evocations     | 1 |  1.1
Stealth        | |  2.1
Transmutations | |  0.7

Action                   |  1- 3 |  4- 6 |  7- 9 || total
-------------------------+-------+-------+-------++-------
Melee: Club              |    40 |       |       ||    40
       Dagger            |    44 |    89 |   139 ||   272
 Cast: Sandblast         |    23 |    18 |    38 ||    79
       Stone Arrow       |       |     5 |       ||     5
Evoke: Wand              |       |       |     4 ||     4
  Use: Scroll            |     2 |     5 |     5 ||    12
       Potion            |       |     1 |     7 ||     8
 Stab: Sleeping          |     3 |       |     3 ||     6
  Eat: Chunk             |     1 |     5 |     6 ||    12
Armor: Robe              |    23 |    48 |    82 ||   153
Dodge: Dodged            |    81 |    76 |   101 ||   258

Table legend:
 A = Non-vault XP
 B = Vault XP
 C = Vault XP percentage of total XP
 D = Non-vault monster count
 E = Vault monster count
 F = Vault count percentage of total count
                 A         B        C        D         E       F
            +---------+---------+-------+---------+---------+-------
      Total |    1020 |     223 |  17.9 |     103 |       1 |   1.0
            +---------+---------+-------+---------+---------+-------
        D:1 |      45 |       0 |   0.0 |      23 |       0 |   0.0
        D:2 |      82 |     223 |  73.1 |      32 |       1 |   3.0
        D:3 |     317 |       0 |   0.0 |      22 |       0 |   0.0
        D:4 |     357 |       0 |   0.0 |      16 |       0 |   0.0
        D:5 |     219 |       0 |   0.0 |      10 |       0 |   0.0
            +---------+---------+-------+---------+---------+-------
